Sabres vs Rangers

Created - January 16 2011 at 14:39

Goals
1 2 3 OT1 SO T
Sabres 0 1 2 0 1 3
Rangers 2 1 0 0 2 4
Shots
1 2 3 OT1 SO T
Sabres 9 14 9 0 3 32
Rangers 15 14 2 4 3 35

Period #1

1. Rangers , Dan Cleary 5 (Mikko Koivu, Teemu Selanne) at 0:23
2. Rangers , Scott Gomez 19 (Nikolai Kulemin) at 9:52

Penalties :
Nikolai Kulemin (NYR) for Fighting (Major) at 3:21, Luke Schenn (BUF) for Fighting (Major) at 3:21, Chris Phillips (BUF) for Delaying the game (Minor) at 6:10, Andy Sutton (NYR) for Hooking (Minor) at 10:03, Andy Sutton (NYR) for High sticking (Minor) at 14:29, Antti Miettinen (NYR) for Hooking (Minor) at 16:44, Christoph Schubert (NYR) for Holding (Minor) at 19:18

Period #2

3. Sabres , Tuomo Ruutu 9 (Joni Pitkanen, Paul Gaustad) at 3:20
4. Rangers , Scott Gomez 20 (Alexander Edler) at 9:09

Penalties :
James Neal (BUF) for Interference (Minor) at 5:19, Mike Richards (BUF) for Charging (Minor) at 11:51, Christoph Schubert (NYR) for Roughing (Minor) at 14:37, Andy Sutton (NYR) for Interference (Minor) at 15:33, Christoph Schubert (NYR) for Boarding (Minor) at 16:51

Period #3

5. Sabres , Eric Fehr 12 (James Neal, Ryan Kesler) at 0:07
6. Sabres , James Neal 11 (Tyler Myers, Ryan Kesler) at 9:07

Penalties :
Mikko Koivu (NYR) for Cross-checking (Minor) at 0:50, Nikolai Kulemin (NYR) for Hooking (Minor) at 5:42, Christoph Schubert (NYR) for Interference (Minor) at 16:16, Dan Cleary (NYR) for Fighting (Major) at 18:18, Ryan Kesler (BUF) for Fighting (Major) at 18:18

Overtime #1

No Goal

Penalties :
Mike Richards (BUF) for High sticking (Minor) at 3:44

Shootout

Penalty Shot by Mike Richards for Sabres - Stopped by Chris Mason
Penalty Shot by Andrei Kostitsyn for Rangers - Goal!
Penalty Shot by Ryan Kesler for Sabres - Shot Misses the Net
Penalty Shot by Mikko Koivu for Rangers - Stopped by Marty Turco
Penalty Shot by Tuomo Ruutu for Sabres - Goal!
Penalty Shot by Teemu Selanne for Rangers - Goal!

Penalties :
No Penalty

Goalie Stats

Marty Turco (BUF), 32 saves from 35 shots - (0.914), OTL, 27-12-8, 65:00 minutes
Chris Mason (NYR), 29 saves from 32 shots - (0.906), W, 13-22-2, 65:00 minutes

Players Stats

Sabres
Player Name              G  A  P  +/- PIM S  H  SB FO    MP 
------------------------------------------------------------
Andreas Nodl             0  0  0   0  0   0  0  0  1/1   11 
Chris Phillips           0  0  0  -1  2   0  0  2  0/0   23 
Devin Setoguchi          0  0  0  -1  0   3  1  0  2/2   23 
Eric Fehr                1  0  1   1  0   4  1  0  1/1   18 
James Neal               1  1  2   1  2   6  1  0  0/2   21 
Jeff Schultz             0  0  0   1  0   4  0  3  0/0   22 
Johan Franzen            0  0  0  -1  0   0  1  0  1/5   20 
Joni Pitkanen            0  1  1   0  0   1  2  2  0/0   19 
Kim Johnsson             0  0  0   0  0   0  0  0  0/0   8  
Luke Schenn              0  0  0  -1  5   0  0  1  0/0   14 
Mike Richards            0  0  0  -1  4   7  3  0  13/30 24 
Patrick Kaleta           0  0  0   0  0   0  0  0  1/1   2  
Paul Gaustad             0  1  1   0  0   1  1  1  0/1   14 
Rickard Wallin           0  0  0   0  0   0  0  0  7/13  11 
Ryan Kesler              0  2  2   1  5   1  1  1  19/33 23 
Tuomo Ruutu              1  0  1   0  0   2  1  0  6/15  17 
Tyler Myers              0  1  1   1  0   2  0  1  0/0   23 
Victor Hedman            0  0  0   0  0   1  1  0  0/0   18 
Rangers
Player Name              G  A  P  +/- PIM S  H  SB FO    MP 
------------------------------------------------------------
Alexander Edler          0  1  1   1  0   1  1  2  0/0   26 
Andrei Kostitsyn         0  0  0  -1  0   1  0  0  0/1   10 
Andy Sutton              0  0  0  -1  6   1  6  0  0/0   23 
Antti Miettinen          0  0  0   0  2   2  0  0  2/6   18 
Bill Guerin              0  0  0   0  0   0  0  0  0/0   0  
Chris Kelly              0  0  0   0  0   1  2  2  13/30 21 
Christoph Schubert       0  0  0   1  8   1  2  2  0/0   20 
Dan Cleary               1  0  1   0  5   3  2  0  0/1   17 
Fredrik Modin            0  0  0   1  0   0  0  0  0/0   11 
Jim Slater               0  0  0   0  0   0  1  0  1/1   1  
Keith Ballard            0  0  0   0  0   0  1  0  0/0   2  
Lubomir Visnovsky        0  0  0  -1  0   4  0  0  0/0   23 
Mike Weaver              0  0  0   0  0   1  0  4  0/0   26 
Mikko Koivu              0  1  1   0  2   6  1  0  20/32 25 
Nikolai Kulemin          0  1  1   0  7   4  1  0  1/3   19 
Patrick OSullivan        0  0  0   0  0   2  1  0  4/9   19 
Scott Gomez              2  0  2   0  0   2  1  1  12/20 22 
Teemu Selanne            0  1  1   0  0   6  0  0  0/1   17 

3 Stars

1 - Scott Gomez (NYR)
2 - James Neal (BUF)
3 - Eric Fehr (BUF)

Power Play

Sabres - 0 on 10 Attempt(s) - 0.00%
Rangers - 0 on 4 Attempt(s) - 0.00%

Penalty Kill

Sabres - 4 on 4 Attempt(s) - 100.00% - Score 0 goal in Penalty Kill
Rangers - 10 on 10 Attempt(s) - 100.00% - Score 0 goal in Penalty Kill

Game Notes

Nikolai Kulemin and Luke Schenn fight to a draw at 3:21 of 1st period
Patrick Kaleta is injured at 8:21 of 1st period (Right Eye)
Dan Cleary beats up Ryan Kesler at 18:18 of 3rd period

Finance

Level 1 -- Attendance: 3929 (60.45%) -- Ticket Income $491,125.00
Level 2 -- Attendance: 2961 (59.22%) -- Ticket Income $222,075.00
Level 3 -- Attendance: 1841 (52.60%) -- Ticket Income $92,050.00
Level 4 -- Attendance: 1624 (73.82%) -- Ticket Income $40,600.00
Luxury Box -- Attendance: 588 (58.80%) -- Ticket Income $147,000.00
Game was played at the Madison Square Garden
Total Attendance: 10943 (60.13%)
Total Ticket Income: $1,016,426.00
Other Income: $195,643.80
Total Income: $1,212,070.00


Play by Play

Period #1

0:01 of 1st period - Mike Richards wins face-off versus Mikko Koivu in neutral zone.
0:19 of 1st period - Shot by Mikko Koivu.
0:19 of 1st period - Shot Blocked by Luke Schenn.
0:21 of 1st period - Shot by Mikko Koivu.
0:21 of 1st period - Stopped by Marty Turco with a rebound.
0:23 of 1st period - Shot by Dan Cleary.
0:23 of 1st period - Goal by Dan Cleary - Sabres : 0 - Rangers : 1.
0:24 of 1st period - Ryan Kesler wins face-off versus Scott Gomez in neutral zone.
0:28 of 1st period - Off-side.
0:29 of 1st period - Chris Kelly wins face-off versus Rickard Wallin in neutral zone.
0:32 of 1st period - Shot by Lubomir Visnovsky.
0:32 of 1st period - Stopped by Marty Turco without a rebound.
0:33 of 1st period - Nikolai Kulemin wins face-off versus Ryan Kesler in Sabres zone.
1:44 of 1st period - Shot by Mike Richards.
1:44 of 1st period - Shot Misses the Net.
1:46 of 1st period - Shot by Mike Richards.
1:46 of 1st period - Stopped by Chris Mason without a rebound.
1:47 of 1st period - Mikko Koivu wins face-off versus Tuomo Ruutu in Rangers zone.
1:47 of 1st period - Mikko Koivu is hit by Paul Gaustad.
1:59 of 1st period - Shot by Teemu Selanne.
1:59 of 1st period - Stopped by Marty Turco without a rebound.
2:00 of 1st period - Chris Kelly wins face-off versus Rickard Wallin in Sabres zone.
3:11 of 1st period - Shot by Mikko Koivu.
3:11 of 1st period - Stopped by Marty Turco without a rebound.
3:12 of 1st period - Mike Richards wins face-off versus Chris Kelly in Sabres zone.
3:21 of 1st period - Nikolai Kulemin and Luke Schenn fight to a draw.
3:21 of 1st period - Penalty to Nikolai Kulemin for Fighting.
3:21 of 1st period - Penalty to Luke Schenn for Fighting.
3:22 of 1st period - Tuomo Ruutu wins face-off versus Patrick OSullivan in Sabres zone.
3:36 of 1st period - Alexander Edler is hit by Joni Pitkanen and loses puck.
3:41 of 1st period - Shot by Fredrik Modin.
3:41 of 1st period - Deflect By Chris Kelly.
3:41 of 1st period - Stopped by Marty Turco without a rebound.
3:42 of 1st period - Scott Gomez wins face-off versus Mike Richards in Sabres zone.
4:02 of 1st period - Shot by Antti Miettinen.
4:02 of 1st period - Stopped by Marty Turco without a rebound.
4:03 of 1st period - Mikko Koivu wins face-off versus Tuomo Ruutu in Sabres zone.
4:04 of 1st period - Shot by Teemu Selanne.
4:04 of 1st period - Stopped by Marty Turco without a rebound.
4:05 of 1st period - Tuomo Ruutu wins face-off versus Mikko Koivu in Sabres zone.
4:57 of 1st period - Eric Fehr is hit by Andy Sutton and loses puck.
5:03 of 1st period - Icing by Ryan Kesler.
5:04 of 1st period - Ryan Kesler wins face-off versus Scott Gomez in Sabres zone.
5:04 of 1st period - Ryan Kesler is hit by Scott Gomez.
5:45 of 1st period - Off-side.
5:46 of 1st period - Mikko Koivu wins face-off versus Mike Richards in neutral zone.
6:02 of 1st period - Teemu Selanne is hit by Joni Pitkanen and loses puck.
6:10 of 1st period - Minor Penalty to Chris Phillips for Delaying the game.
6:11 of 1st period - Ryan Kesler wins face-off versus Scott Gomez in Sabres zone.
6:17 of 1st period - Icing by Alexander Edler.
6:18 of 1st period - Scott Gomez wins face-off versus Ryan Kesler in Rangers zone.
6:31 of 1st period - Shot by Lubomir Visnovsky.
6:31 of 1st period - Shot Misses the Net.
6:33 of 1st period - Shot by Antti Miettinen.
6:33 of 1st period - Shot Blocked by Paul Gaustad.
6:37 of 1st period - Shot by Lubomir Visnovsky.
6:37 of 1st period - Shot Blocked by Tyler Myers.
6:41 of 1st period - Shot by Lubomir Visnovsky.
6:41 of 1st period - Deflect By Scott Gomez.
6:41 of 1st period - Shot Misses the Net.
6:55 of 1st period - Shot by Mike Weaver.
6:55 of 1st period - Shot Misses the Net.
6:57 of 1st period - Shot by Mike Weaver.
6:57 of 1st period - Shot Misses the Net.
6:59 of 1st period - Shot by Mike Weaver.
6:59 of 1st period - Shot Blocked by Joni Pitkanen.
7:01 of 1st period - Shot by Mike Weaver.
7:01 of 1st period - Stopped by Marty Turco without a rebound.
7:02 of 1st period - Mikko Koivu wins face-off versus Ryan Kesler in Sabres zone.
7:44 of 1st period - Shot by Lubomir Visnovsky.
7:44 of 1st period - Stopped by Marty Turco without a rebound.
7:45 of 1st period - Scott Gomez wins face-off versus Johan Franzen in Sabres zone.
7:58 of 1st period - Shot by Mike Richards.
7:58 of 1st period - Stopped by Chris Mason without a rebound.
7:59 of 1st period - Patrick OSullivan wins face-off versus Johan Franzen in Rangers zone.
8:06 of 1st period - Shot by Lubomir Visnovsky.
8:06 of 1st period - Shot Misses the Net.
8:19 of 1st period - Icing by Rickard Wallin.
8:20 of 1st period - Patrick Kaleta wins face-off versus Mikko Koivu in Sabres zone.
8:20 of 1st period - Patrick Kaleta is hit by Dan Cleary.
8:21 of 1st period - Patrick Kaleta from Sabres is injured at 8:21 of 1st period (Right Eye).
8:22 of 1st period - Mike Richards wins face-off versus Chris Kelly in Sabres zone.
8:47 of 1st period - Shot by Mike Richards.
8:47 of 1st period - Shot Misses the Net.
9:10 of 1st period - Icing by Jeff Schultz.
9:11 of 1st period - Mikko Koivu wins face-off versus Rickard Wallin in Sabres zone.
9:46 of 1st period - Shot by Teemu Selanne.
9:46 of 1st period - Stopped by Marty Turco without a rebound.
9:47 of 1st period - Scott Gomez wins face-off versus Tuomo Ruutu in Sabres zone.
9:50 of 1st period - Shot by Nikolai Kulemin.
9:50 of 1st period - Stopped by Marty Turco with a rebound.
9:52 of 1st period - Shot by Scott Gomez.
9:52 of 1st period - Goal by Scott Gomez - Sabres : 0 - Rangers : 2.
9:53 of 1st period - Tuomo Ruutu wins face-off versus Scott Gomez in neutral zone.
9:53 of 1st period - Devin Setoguchi is hit by Nikolai Kulemin and loses puck.
10:03 of 1st period - Minor Penalty to Andy Sutton for Hooking.
10:04 of 1st period - Ryan Kesler wins face-off versus Mikko Koivu in Rangers zone.
10:23 of 1st period - Shot by Tyler Myers.
10:23 of 1st period - Stopped by Chris Mason without a rebound.
10:24 of 1st period - Mike Richards wins face-off versus Chris Kelly in Rangers zone.
10:46 of 1st period - Icing by Johan Franzen.
10:47 of 1st period - Mikko Koivu wins face-off versus Mike Richards in Sabres zone.
11:11 of 1st period - Icing by Mike Richards.
11:12 of 1st period - Chris Kelly wins face-off versus Mike Richards in Sabres zone.
11:19 of 1st period - Mike Weaver is hit by Mike Richards and loses puck.
11:39 of 1st period - Icing by Victor Hedman.
11:40 of 1st period - Chris Kelly wins face-off versus Ryan Kesler in Sabres zone.
11:58 of 1st period - Icing by Ryan Kesler.
11:59 of 1st period - Ryan Kesler wins face-off versus Chris Kelly in Sabres zone.
12:08 of 1st period - Shot by Jeff Schultz.
12:08 of 1st period - Stopped by Chris Mason without a rebound.
12:09 of 1st period - Scott Gomez wins face-off versus Rickard Wallin in Rangers zone.
13:13 of 1st period - Shot by Mike Richards.
13:13 of 1st period - Shot Blocked by Mike Weaver.
13:43 of 1st period - Icing by Chris Phillips.
13:44 of 1st period - Mike Richards wins face-off versus Chris Kelly in Sabres zone.
14:15 of 1st period - James Neal is hit by Andy Sutton and loses puck.
14:29 of 1st period - Minor Penalty to Andy Sutton for High sticking.
14:30 of 1st period - Mikko Koivu wins face-off versus Ryan Kesler in Rangers zone.
14:42 of 1st period - Eric Fehr is hit by Alexander Edler and loses puck.
15:59 of 1st period - Shot by Jeff Schultz.
15:59 of 1st period - Stopped by Chris Mason without a rebound.
16:00 of 1st period - Chris Kelly wins face-off versus Ryan Kesler in Rangers zone.
16:29 of 1st period - Shot by James Neal.
16:29 of 1st period - Stopped by Chris Mason without a rebound.
16:30 of 1st period - Devin Setoguchi wins face-off versus Antti Miettinen in Rangers zone.
16:44 of 1st period - Minor Penalty to Antti Miettinen for Hooking.
16:45 of 1st period - Mikko Koivu wins face-off versus Johan Franzen in Rangers zone.
17:05 of 1st period - Joni Pitkanen is hit by Mikko Koivu and loses puck.
17:32 of 1st period - Shot by Ryan Kesler.
17:32 of 1st period - Stopped by Chris Mason without a rebound.
17:33 of 1st period - Mikko Koivu wins face-off versus Ryan Kesler in Rangers zone.
17:48 of 1st period - Shot by Jeff Schultz.
17:48 of 1st period - Stopped by Chris Mason without a rebound.
17:49 of 1st period - Mikko Koivu wins face-off versus Mike Richards in Rangers zone.
18:15 of 1st period - Shot by Joni Pitkanen.
18:15 of 1st period - Shot Misses the Net.
18:17 of 1st period - Shot by Chris Phillips.
18:17 of 1st period - Shot Misses the Net.
18:45 of 1st period - Shot by Eric Fehr.
18:45 of 1st period - Stopped by Chris Mason with a rebound.
19:07 of 1st period - Shot by Andrei Kostitsyn.
19:07 of 1st period - Stopped by Marty Turco without a rebound.
19:08 of 1st period - Antti Miettinen wins face-off versus Tuomo Ruutu in Sabres zone.
19:09 of 1st period - Shot by Teemu Selanne.
19:09 of 1st period - Stopped by Marty Turco without a rebound.
19:10 of 1st period - Devin Setoguchi wins face-off versus Mikko Koivu in Sabres zone.
19:18 of 1st period - Minor Penalty to Christoph Schubert for Holding.
19:19 of 1st period - Ryan Kesler wins face-off versus Chris Kelly in Rangers zone.

Period #2

0:01 of 2nd period - Mike Richards wins face-off versus Chris Kelly in neutral zone.
0:38 of 2nd period - Shot by Chris Phillips.
0:38 of 2nd period - Deflect By Mike Richards.
0:38 of 2nd period - Stopped by Chris Mason with a rebound.
0:54 of 2nd period - Shot by Eric Fehr.
0:54 of 2nd period - Stopped by Chris Mason with a rebound.
0:56 of 2nd period - Shot by Victor Hedman.
0:56 of 2nd period - Stopped by Chris Mason without a rebound.
0:57 of 2nd period - Ryan Kesler wins face-off versus Mikko Koivu in Rangers zone.
1:32 of 2nd period - Mikko Koivu is hit by Tuomo Ruutu and loses puck.
1:45 of 2nd period - Shot by Teemu Selanne.
1:45 of 2nd period - Deflect By Mikko Koivu.
1:45 of 2nd period - Stopped by Marty Turco without a rebound.
1:46 of 2nd period - Scott Gomez wins face-off versus Mike Richards in Sabres zone.
3:20 of 2nd period - Shot by Tuomo Ruutu.
3:20 of 2nd period - Goal by Tuomo Ruutu - Sabres : 1 - Rangers : 2.
3:21 of 2nd period - Chris Kelly wins face-off versus Rickard Wallin in neutral zone.
3:26 of 2nd period - Icing by Luke Schenn.
3:27 of 2nd period - Chris Kelly wins face-off versus Rickard Wallin in Sabres zone.
3:33 of 2nd period - Icing by Mike Richards.
3:34 of 2nd period - Rickard Wallin wins face-off versus Mikko Koivu in Sabres zone.
5:19 of 2nd period - Minor Penalty to James Neal for Interference.
5:20 of 2nd period - Mikko Koivu wins face-off versus Mike Richards in Sabres zone.
6:49 of 2nd period - Shot by Lubomir Visnovsky.
6:49 of 2nd period - Shot Misses the Net.
6:51 of 2nd period - Shot by Alexander Edler.
6:51 of 2nd period - Shot Misses the Net.
6:55 of 2nd period - Shot by Alexander Edler.
6:55 of 2nd period - Shot Misses the Net.
6:57 of 2nd period - Shot by Nikolai Kulemin.
6:57 of 2nd period - Stopped by Marty Turco with a rebound.
6:59 of 2nd period - Shot by Lubomir Visnovsky.
6:59 of 2nd period - Stopped by Marty Turco without a rebound.
7:00 of 2nd period - Ryan Kesler wins face-off versus Mikko Koivu in Sabres zone.
7:15 of 2nd period - Shot by Mikko Koivu.
7:15 of 2nd period - Stopped by Marty Turco without a rebound.
7:16 of 2nd period - Antti Miettinen wins face-off versus Ryan Kesler in Sabres zone.
8:08 of 2nd period - Mikko Koivu is hit by James Neal and loses puck.
8:39 of 2nd period - Shot by Devin Setoguchi.
8:39 of 2nd period - Stopped by Chris Mason without a rebound.
8:40 of 2nd period - Patrick OSullivan wins face-off versus Ryan Kesler in Rangers zone.
9:05 of 2nd period - Shot by Alexander Edler.
9:05 of 2nd period - Shot Misses the Net.
9:09 of 2nd period - Shot by Scott Gomez.
9:09 of 2nd period - Goal by Scott Gomez - Sabres : 1 - Rangers : 3.
9:10 of 2nd period - Jim Slater wins face-off versus Mike Richards in neutral zone.
9:13 of 2nd period - Mike Richards is hit by Jim Slater and loses puck.
9:36 of 2nd period - Shot by Nikolai Kulemin.
9:36 of 2nd period - Shot Blocked by Chris Phillips.
9:54 of 2nd period - Shot by Teemu Selanne.
9:54 of 2nd period - Shot Hit the Post.
9:56 of 2nd period - Shot by Dan Cleary.
9:56 of 2nd period - Stopped by Marty Turco without a rebound.
9:57 of 2nd period - Rickard Wallin wins face-off versus Patrick OSullivan in Sabres zone.
9:57 of 2nd period - Rickard Wallin is hit by Patrick OSullivan.
10:24 of 2nd period - Chris Kelly is hit by Victor Hedman and loses puck.
10:43 of 2nd period - Christoph Schubert is hit by Devin Setoguchi and loses puck.
11:51 of 2nd period - Minor Penalty to Mike Richards for Charging.
11:52 of 2nd period - Scott Gomez wins face-off versus Johan Franzen in Sabres zone.
12:11 of 2nd period - Shot by Lubomir Visnovsky.
12:11 of 2nd period - Shot Misses the Net.
12:13 of 2nd period - Shot by Nikolai Kulemin.
12:13 of 2nd period - Stopped by Marty Turco without a rebound.
12:14 of 2nd period - Mikko Koivu wins face-off versus Ryan Kesler in Sabres zone.
12:25 of 2nd period - Shot by Lubomir Visnovsky.
12:25 of 2nd period - Stopped by Marty Turco without a rebound.
12:26 of 2nd period - Scott Gomez wins face-off versus James Neal in Sabres zone.
12:49 of 2nd period - Shot by Lubomir Visnovsky.
12:49 of 2nd period - Shot Misses the Net.
12:51 of 2nd period - Shot by Nikolai Kulemin.
12:51 of 2nd period - Stopped by Marty Turco with a rebound.
12:55 of 2nd period - Shot by Antti Miettinen.
12:55 of 2nd period - Stopped by Marty Turco without a rebound.
12:56 of 2nd period - Mikko Koivu wins face-off versus Ryan Kesler in Sabres zone.
13:11 of 2nd period - Shot by Mikko Koivu.
13:11 of 2nd period - Stopped by Marty Turco with a rebound.
13:13 of 2nd period - Shot by Mikko Koivu.
13:13 of 2nd period - Deflect By Teemu Selanne.
13:13 of 2nd period - Shot Misses the Net.
13:15 of 2nd period - Shot by Mike Weaver.
13:15 of 2nd period - Shot Hit the Post.
13:17 of 2nd period - Shot by Andy Sutton.
13:17 of 2nd period - Shot Misses the Net.
13:21 of 2nd period - Shot by Patrick OSullivan.
13:21 of 2nd period - Stopped by Marty Turco without a rebound.
13:22 of 2nd period - Scott Gomez wins face-off versus Tuomo Ruutu in Sabres zone.
13:25 of 2nd period - Shot by Dan Cleary.
13:25 of 2nd period - Shot Misses the Net.
13:48 of 2nd period - Shot by Lubomir Visnovsky.
13:48 of 2nd period - Shot Blocked by Chris Phillips.
13:52 of 2nd period - Shot by Antti Miettinen.
13:52 of 2nd period - Shot Misses the Net.
13:55 of 2nd period - Icing by Victor Hedman.
13:56 of 2nd period - Rickard Wallin wins face-off versus Patrick OSullivan in Sabres zone.
13:58 of 2nd period - Icing by Jeff Schultz.
13:59 of 2nd period - Andreas Nodl wins face-off versus Patrick OSullivan in Sabres zone.
14:01 of 2nd period - Icing by Jeff Schultz.
14:02 of 2nd period - Rickard Wallin wins face-off versus Chris Kelly in Sabres zone.
14:26 of 2nd period - Shot by Mike Richards.
14:26 of 2nd period - Stopped by Chris Mason without a rebound.
14:27 of 2nd period - Tuomo Ruutu wins face-off versus Dan Cleary in Rangers zone.
14:32 of 2nd period - Shot by Devin Setoguchi.
14:32 of 2nd period - Shot Blocked by Mike Weaver.
14:36 of 2nd period - Shot by Tuomo Ruutu.
14:36 of 2nd period - Stopped by Chris Mason with a rebound.
14:37 of 2nd period - Minor Penalty to Christoph Schubert for Roughing.
14:38 of 2nd period - Mikko Koivu wins face-off versus Ryan Kesler in Rangers zone.
14:55 of 2nd period - Shot by Victor Hedman.
14:55 of 2nd period - Shot Misses the Net.
14:57 of 2nd period - Shot by Ryan Kesler.
14:57 of 2nd period - Shot Blocked by Mike Weaver.
14:59 of 2nd period - Shot by Tyler Myers.
14:59 of 2nd period - Shot Blocked by Alexander Edler.
15:01 of 2nd period - Shot by Ryan Kesler.
15:01 of 2nd period - Deflect By Eric Fehr.
15:01 of 2nd period - Stopped by Chris Mason without a rebound.
15:02 of 2nd period - Chris Kelly wins face-off versus Mike Richards in Rangers zone.
15:33 of 2nd period - Minor Penalty to Andy Sutton for Interference.
15:34 of 2nd period - Ryan Kesler wins face-off versus Chris Kelly in Rangers zone.
15:45 of 2nd period - Shot by Tyler Myers.
15:45 of 2nd period - Shot Misses the Net.
15:47 of 2nd period - Shot by Tyler Myers.
15:47 of 2nd period - Stopped by Chris Mason without a rebound.
15:48 of 2nd period - Ryan Kesler wins face-off versus Chris Kelly in Rangers zone.
15:57 of 2nd period - Shot by James Neal.
15:57 of 2nd period - Shot Blocked by Alexander Edler.
15:59 of 2nd period - Shot by James Neal.
15:59 of 2nd period - Shot Misses the Net.
16:01 of 2nd period - Shot by Eric Fehr.
16:01 of 2nd period - Shot Blocked by Chris Kelly.
16:24 of 2nd period - Icing by Victor Hedman.
16:25 of 2nd period - Ryan Kesler wins face-off versus Nikolai Kulemin in Sabres zone.
16:51 of 2nd period - Minor Penalty to Christoph Schubert for Boarding.
16:52 of 2nd period - Patrick OSullivan wins face-off versus Mike Richards in Rangers zone.
17:05 of 2nd period - Shot by Mike Richards.
17:05 of 2nd period - Stopped by Chris Mason without a rebound.
17:06 of 2nd period - Mike Richards wins face-off versus Chris Kelly in Rangers zone.
17:07 of 2nd period - Shot by Joni Pitkanen.
17:07 of 2nd period - Shot Misses the Net.
17:11 of 2nd period - Shot by Joni Pitkanen.
17:11 of 2nd period - Shot Blocked by Scott Gomez.
17:15 of 2nd period - Shot by Mike Richards.
17:15 of 2nd period - Shot Misses the Net.
17:17 of 2nd period - Shot by Devin Setoguchi.
17:17 of 2nd period - Stopped by Chris Mason with a rebound.
17:19 of 2nd period - Shot by Johan Franzen.
17:19 of 2nd period - Deflect By Devin Setoguchi.
17:19 of 2nd period - Stopped by Chris Mason without a rebound.
17:20 of 2nd period - Ryan Kesler wins face-off versus Nikolai Kulemin in Rangers zone.
17:41 of 2nd period - Shot by James Neal.
17:41 of 2nd period - Stopped by Chris Mason without a rebound.
17:42 of 2nd period - Mike Richards wins face-off versus Chris Kelly in Rangers zone.
18:07 of 2nd period - Shot by Mike Richards.
18:07 of 2nd period - Stopped by Chris Mason without a rebound.
18:08 of 2nd period - Ryan Kesler wins face-off versus Mikko Koivu in Rangers zone.
19:07 of 2nd period - Shot by Patrick OSullivan.
19:07 of 2nd period - Stopped by Marty Turco without a rebound.
19:08 of 2nd period - Scott Gomez wins face-off versus Tuomo Ruutu in Sabres zone.
19:37 of 2nd period - Shot by Scott Gomez.
19:37 of 2nd period - Shot Blocked by Joni Pitkanen.
19:39 of 2nd period - Shot by Andy Sutton.
19:39 of 2nd period - Stopped by Marty Turco with a rebound.

Period #3

0:01 of 3rd period - Mikko Koivu wins face-off versus Mike Richards in neutral zone.
0:03 of 3rd period - Off-side.
0:04 of 3rd period - Ryan Kesler wins face-off versus Scott Gomez in neutral zone.
0:07 of 3rd period - Shot by Eric Fehr.
0:07 of 3rd period - Goal by Eric Fehr - Sabres : 2 - Rangers : 3.
0:08 of 3rd period - Mike Richards wins face-off versus Mikko Koivu in neutral zone.
0:08 of 3rd period - Chris Phillips is hit by Dan Cleary and loses puck.
0:50 of 3rd period - Minor Penalty to Mikko Koivu for Cross-checking.
0:51 of 3rd period - Patrick OSullivan wins face-off versus James Neal in Rangers zone.
0:51 of 3rd period - Patrick OSullivan is hit by Eric Fehr.
1:16 of 3rd period - Off-side.
1:17 of 3rd period - Johan Franzen wins face-off versus Patrick OSullivan in neutral zone.
1:20 of 3rd period - Fredrik Modin is hit by Mike Richards.
1:46 of 3rd period - Shot by Devin Setoguchi.
1:46 of 3rd period - Shot Misses the Net.
4:12 of 3rd period - Off-side.
4:13 of 3rd period - Scott Gomez wins face-off versus Tuomo Ruutu in neutral zone.
4:20 of 3rd period - Shot by Ryan Kesler.
4:20 of 3rd period - Shot Blocked by Christoph Schubert.
4:22 of 3rd period - Shot by Paul Gaustad.
4:22 of 3rd period - Shot Misses the Net.
4:24 of 3rd period - Shot by Paul Gaustad.
4:24 of 3rd period - Stopped by Chris Mason without a rebound.
4:25 of 3rd period - Mike Richards wins face-off versus Chris Kelly in Rangers zone.
4:25 of 3rd period - Mike Richards is hit by Andy Sutton.
4:29 of 3rd period - Shot by James Neal.
4:29 of 3rd period - Stopped by Chris Mason with a rebound.
4:46 of 3rd period - Icing by Andy Sutton.
4:47 of 3rd period - Chris Kelly wins face-off versus Paul Gaustad in Rangers zone.
5:14 of 3rd period - Shot by Paul Gaustad.
5:14 of 3rd period - Shot Misses the Net.
5:16 of 3rd period - Shot by Tuomo Ruutu.
5:16 of 3rd period - Shot Misses the Net.
5:18 of 3rd period - Shot by Joni Pitkanen.
5:18 of 3rd period - Shot Misses the Net.
5:20 of 3rd period - Shot by Joni Pitkanen.
5:20 of 3rd period - Shot Misses the Net.
5:24 of 3rd period - Shot by Paul Gaustad.
5:24 of 3rd period - Shot Misses the Net.
5:42 of 3rd period - Minor Penalty to Nikolai Kulemin for Hooking.
5:43 of 3rd period - Mike Richards wins face-off versus Antti Miettinen in Rangers zone.
5:53 of 3rd period - Icing by Mike Richards.
5:54 of 3rd period - Chris Kelly wins face-off versus Mike Richards in Sabres zone.
6:12 of 3rd period - Shot by Mike Richards.
6:12 of 3rd period - Stopped by Chris Mason with a rebound.
7:03 of 3rd period - Icing by Jeff Schultz.
7:04 of 3rd period - Ryan Kesler wins face-off versus Chris Kelly in Sabres zone.
7:04 of 3rd period - Ryan Kesler is hit by Christoph Schubert.
7:58 of 3rd period - Icing by Victor Hedman.
7:59 of 3rd period - Rickard Wallin wins face-off versus Scott Gomez in Sabres zone.
8:29 of 3rd period - Icing by Chris Phillips.
8:30 of 3rd period - Rickard Wallin wins face-off versus Mikko Koivu in Sabres zone.
8:57 of 3rd period - Shot by Teemu Selanne.
8:57 of 3rd period - Stopped by Marty Turco without a rebound.
8:58 of 3rd period - Ryan Kesler wins face-off versus Chris Kelly in Sabres zone.
9:05 of 3rd period - Shot by James Neal.
9:05 of 3rd period - Stopped by Chris Mason with a rebound.
9:07 of 3rd period - Shot by James Neal.
9:07 of 3rd period - Goal by James Neal - Sabres : 3 - Rangers : 3.
9:08 of 3rd period - Tuomo Ruutu wins face-off versus Chris Kelly in neutral zone.
9:08 of 3rd period - Tuomo Ruutu is hit by Chris Kelly.
9:20 of 3rd period - Shot by Joni Pitkanen.
9:20 of 3rd period - Stopped by Chris Mason without a rebound.
9:21 of 3rd period - Eric Fehr wins face-off versus Scott Gomez in Rangers zone.
11:33 of 3rd period - Jeff Schultz is hit by Chris Kelly and loses puck.
12:18 of 3rd period - Shot by James Neal.
12:18 of 3rd period - Stopped by Chris Mason without a rebound.
12:19 of 3rd period - Mikko Koivu wins face-off versus Ryan Kesler in Rangers zone.
12:19 of 3rd period - Dan Cleary is hit by Ryan Kesler and loses puck.
12:28 of 3rd period - Shot by Dan Cleary.
12:28 of 3rd period - Shot Blocked by Ryan Kesler.
12:47 of 3rd period - Ryan Kesler is hit by Keith Ballard and loses puck.
13:46 of 3rd period - Shot by Antti Miettinen.
13:46 of 3rd period - Shot Blocked by Jeff Schultz.
13:55 of 3rd period - Eric Fehr is hit by Andy Sutton and loses puck.
13:58 of 3rd period - Shot by Ryan Kesler.
13:58 of 3rd period - Shot Misses the Net.
14:02 of 3rd period - Shot by Ryan Kesler.
14:02 of 3rd period - Shot Misses the Net.
14:04 of 3rd period - Shot by Jeff Schultz.
14:04 of 3rd period - Stopped by Chris Mason without a rebound.
14:05 of 3rd period - Chris Kelly wins face-off versus Mike Richards in Rangers zone.
14:05 of 3rd period - Chris Kelly is hit by Johan Franzen.
14:10 of 3rd period - Andrei Kostitsyn is hit by Mike Richards and loses puck.
14:14 of 3rd period - Off-side.
14:15 of 3rd period - Chris Kelly wins face-off versus Mike Richards in neutral zone.
14:19 of 3rd period - Off-side.
14:20 of 3rd period - Rickard Wallin wins face-off versus Andrei Kostitsyn in neutral zone.
15:27 of 3rd period - James Neal is hit by Andy Sutton and loses puck.
15:53 of 3rd period - Off-side.
15:54 of 3rd period - Mike Richards wins face-off versus Mikko Koivu in neutral zone.
16:03 of 3rd period - Shot by Mike Richards.
16:03 of 3rd period - Shot Misses the Net.
16:05 of 3rd period - Shot by Mike Richards.
16:05 of 3rd period - Shot Misses the Net.
16:07 of 3rd period - Shot by Devin Setoguchi.
16:07 of 3rd period - Shot Misses the Net.
16:15 of 3rd period - Shot by Devin Setoguchi.
16:15 of 3rd period - Shot Misses the Net.
16:16 of 3rd period - Minor Penalty to Christoph Schubert for Interference.
16:17 of 3rd period - Mikko Koivu wins face-off versus Ryan Kesler in Rangers zone.
16:59 of 3rd period - Icing by Victor Hedman.
17:00 of 3rd period - Ryan Kesler wins face-off versus Chris Kelly in Sabres zone.
17:44 of 3rd period - Icing by Joni Pitkanen.
17:45 of 3rd period - Chris Kelly wins face-off versus Mike Richards in Sabres zone.
18:18 of 3rd period - Dan Cleary beats up Ryan Kesler.
18:18 of 3rd period - Penalty to Dan Cleary for Fighting.
18:18 of 3rd period - Penalty to Ryan Kesler for Fighting.
18:19 of 3rd period - Mikko Koivu wins face-off versus Tuomo Ruutu in Rangers zone.
18:32 of 3rd period - Shot by Mikko Koivu.
18:32 of 3rd period - Stopped by Marty Turco without a rebound.
18:33 of 3rd period - Scott Gomez wins face-off versus Tuomo Ruutu in Sabres zone.
19:03 of 3rd period - Off-side.
19:04 of 3rd period - Mikko Koivu wins face-off versus Mike Richards in neutral zone.
19:11 of 3rd period - Shot by Jeff Schultz.
19:11 of 3rd period - Shot Blocked by Christoph Schubert.
19:51 of 3rd period - Johan Franzen is hit by Christoph Schubert and loses puck.
19:57 of 3rd period - Icing by Luke Schenn.
19:58 of 3rd period - Mike Richards wins face-off versus Antti Miettinen in Sabres zone.

Overtime #1

0:01 of 1st overtime period - Mikko Koivu wins face-off versus Mike Richards in neutral zone.
0:19 of 1st overtime period - Off-side.
0:20 of 1st overtime period - Tuomo Ruutu wins face-off versus Scott Gomez in neutral zone.
0:51 of 1st overtime period - Shot by Eric Fehr.
0:51 of 1st overtime period - Deflect By Tuomo Ruutu.
0:51 of 1st overtime period - Shot Misses the Net.
1:57 of 1st overtime period - Chris Phillips is hit by Andy Sutton and loses puck.
2:52 of 1st overtime period - Shot by Jeff Schultz.
2:52 of 1st overtime period - Shot Blocked by Mike Weaver.
3:33 of 1st overtime period - Shot by Joni Pitkanen.
3:33 of 1st overtime period - Shot Blocked by Chris Kelly.
3:35 of 1st overtime period - Shot by Paul Gaustad.
3:35 of 1st overtime period - Shot Hit the Post.
3:37 of 1st overtime period - Shot by Paul Gaustad.
3:37 of 1st overtime period - Deflect By Johan Franzen.
3:37 of 1st overtime period - Shot Misses the Net.
3:44 of 1st overtime period - Minor Penalty to Mike Richards for High sticking.
3:45 of 1st overtime period - Ryan Kesler wins face-off versus Teemu Selanne in Sabres zone.
3:54 of 1st overtime period - Shot by Dan Cleary.
3:54 of 1st overtime period - Shot Blocked by Jeff Schultz.
3:56 of 1st overtime period - Shot by Andy Sutton.
3:56 of 1st overtime period - Shot Misses the Net.
3:58 of 1st overtime period - Shot by Teemu Selanne.
3:58 of 1st overtime period - Stopped by Marty Turco with a rebound.
4:00 of 1st overtime period - Shot by Teemu Selanne.
4:00 of 1st overtime period - Shot Misses the Net.
4:02 of 1st overtime period - Shot by Dan Cleary.
4:02 of 1st overtime period - Shot Misses the Net.
4:04 of 1st overtime period - Shot by Dan Cleary.
4:04 of 1st overtime period - Deflect By Teemu Selanne.
4:04 of 1st overtime period - Shot Blocked by Jeff Schultz.
4:06 of 1st overtime period - Shot by Alexander Edler.
4:06 of 1st overtime period - Stopped by Marty Turco without a rebound.
4:07 of 1st overtime period - Ryan Kesler wins face-off versus Antti Miettinen in Sabres zone.
4:31 of 1st overtime period - Shot by Dan Cleary.
4:31 of 1st overtime period - Stopped by Marty Turco with a rebound.
4:33 of 1st overtime period - Shot by Christoph Schubert.
4:33 of 1st overtime period - Stopped by Marty Turco with a rebound.

ShootOut

ShootOut - Penalty Shot by Mike Richards for Sabres.
ShootOut - Stopped by Chris Mason.
ShootOut - Penalty Shot by Andrei Kostitsyn for Rangers.
ShootOut - Goal by Andrei Kostitsyn.
ShootOut - Penalty Shot by Ryan Kesler for Sabres.
ShootOut - Shot Misses the Net.
ShootOut - Penalty Shot by Mikko Koivu for Rangers.
ShootOut - Stopped by Marty Turco.
ShootOut - Penalty Shot by Tuomo Ruutu for Sabres.
ShootOut - Goal by Tuomo Ruutu.
ShootOut - Penalty Shot by Teemu Selanne for Rangers.
ShootOut - Goal by Teemu Selanne.


Output by the SimonT Hockey Simulator (STHS) for Stephane Roy -- Original Page W3C XHTML 1.0 Valid